 Dungeon Crawl Stone Soup version 0.31.0-11-ge490571c62 (webtiles) character file.

Game seed: 14459500994527130794

23 Arcadio the Magician (level 3, -2/25 HPs)
             Began as a Djinni Fire Elementalist on Jan 27, 2024.
             Killed from afar by Natasha (8 damage)
             ... with a magic dart
             ... on level 1 of the Dungeon.
             The game lasted 00:00:54 (759 turns).

Arcadio the Magician (Djinni Fire Elementalist)      Turns: 759, Time: 00:00:55

Health: -2/25      AC:  2    Str:  7    XL:     3   Next: 12%
Gold:   54         EV: 13    Int: 18    God:
                   SH:  0    Dex: 13

rFire   + + .        e - +0 dagger
rCold   x . .        (no shield)
rNeg    . . .        a - +0 robe
rPois   ∞            (no helmet)
rElec   .            (no cloak)
rCorr   .            (no gloves)
SInv    .            (boots unavailable)
Will    .....        (no amulet)
Stlth   ++           (no ring)
HPRegen 0.24/turn    (no ring)
MPRegen 0.00/turn

%: infuse magic (-3 HP)
@: flying, slowed, very slow
A: sickness immunity, fire resistance 2, cold vulnerability 1, float, innate
caster, HP casting, extra vitality 1
a: no special abilities


You were on level 1 of the Dungeon.
You visited 1 branch of the dungeon, and saw 2 of its levels.

You collected 54 gold pieces.

Inventory:

Hand Weapons
 e - a +0 dagger (weapon)
Armour
 a - a +0 robe (worn)
Scrolls
 b - 2 scrolls of teleportation {unknown}
 c - 2 scrolls of blinking {unknown}
Potions
 d - a potion of cancellation {unknown}
 f - a potion of curing {unknown}


   Skills:
 + Level 3.1 Dodging
 - Level 1.5 Stealth
 + Level 3.4 Spellcasting
 + Level 3.4 Conjurations
 + Level 3.4 Hexes
 + Level 3.4 Summonings
 + Level 3.4 Necromancy
 + Level 3.4 Translocations
 + Level 3.4 Fire Magic
 + Level 3.4 Ice Magic
 + Level 3.4 Air Magic
 + Level 3.4 Earth Magic
 + Level 3.4 Alchemy


You knew the following spells:

 Your Spells              Type           Power      Damage    Failure   Level
a - Foxfire               Conj/Fire      60%        2x1d7     3%          1
b - Scorch                Fire           30%        2d6       6%          2
c - Volatile Blastmotes   Fire/Tloc      30%        2d12      12%         3
d - Inner Flame           Hex/Fire       15%        N/A       12%         3
e - Flame Wave            Conj/Fire      15%        2d7       36%         4
f - Slow                  Hex            60%        N/A       3%          1
Your spell library was empty.

Dungeon Overview and Level Annotations

Branches:
Dungeon (2/15)

Altars:

Annotations:
D:1 Natasha


Innate Abilities, Weirdness & Mutations

You are immune to sickness and miasma.
You are immune to poison.
Your flesh is very heat resistant. (rF++)
You are vulnerable to cold. (rC-)
You float through the air rather than walking.
You learn spells naturally, not from books.
Your magical power is your life essence.
You have superior vitality. (+4 MHP)


Message History

You kill the ball python!
Casting: Scorch (safe; 6% risk of failure)
Confirm with . or Enter, or press ? or * to list all spells.
You can't see any susceptible monsters within range! (Use Z to cast anyway.)
Casting: Scorch (safe; 6% risk of failure)
Confirm with . or Enter, or press ? or * to list all spells.
You can't see any susceptible monsters within range! (Use Z to cast anyway.)
You see here a ball python corpse.
Done exploring.
There is a stone staircase leading down here.
You fly downwards.
There is a stone staircase leading up here.
There are monsters nearby!
Natasha hisses angrily.
Natasha casts a spell at you. The magic dart hits you!
Casting: Scorch (safe; 6% risk of failure)
Confirm with . or Enter, or press ? or * to list all spells.
Flames lash the ball python.
The ball python hisses angrily.
The ball python is severely wounded.
The ball python's fire resistance burns away.
Natasha mumbles some strange words.
The cerulean imp hits you from afar with a +1 spear.
There is a stone staircase leading up here.
The ball python is no longer more vulnerable to fire.
The ball python barely misses you. The ball python closely misses you.
Natasha casts a spell at you.
You feel yourself slow down.
The cerulean imp hits you from afar with a +1 spear.
You fly upwards.
The cerulean imp disappears in a puff of smoke!
There is a stone staircase leading down here.
Natasha mewls in sadness.
Natasha claws you. The ball python barely misses you.
The ball python closely misses you. Natasha casts a spell at you.
The magic dart hits you!
You die...
Natasha begins licking her fur clean.

..## ###.............# #.. ..#
#..............# #.# ..#
#.###.#.#......# #.# ..# #.#
#.#.##...#.# #.# ..# #.#
#.#........# #.# ..######## #.#
#.#.######## #.# ...†.....# #.#
#.#.# #.# .#######.# #.###.#.#
#.# .### #.###.##.@..# #######.#
...# #.....##.Sh.## #.......#
...##########.....[.#####.#######
#................÷........#
##.##########.......#######
##†..............###
##.############...# #.## #####
.##


You could see Natasha and a ball python.

Vanquished Creatures
  4 ball pythons (D:1)
  2 bats (D:1)
  2 endoplasms (D:1)
  A giant cockroach (D:1)
  A goblin (D:1)
  4 hobgoblins (D:1)
  2 quokkas (D:1)
  3 frilled lizards (D:1)
19 creatures vanquished.

Vanquished Creatures (others)
  36 foxfires (D:1)
36 creatures vanquished.

Grand Total: 55 creatures vanquished

Notes
Turn   | Place    | Note
-------+----------+-------------------------------------------
     0 | D:1      | Arcadio the Djinni Fire Elementalist began the quest for
                  | the Orb.
     0 | D:1      | Arcadio set off with the following spells memorised:
                  | Foxfire, Scorch, Volatile Blastmotes, Inner Flame, Flame
                  | Wave.
     0 | D:1      | Reached XP level 1. HP: 15/15 MP: 0/0
   201 | D:1      | Reached XP level 2. HP: 19/21 MP: 0/0
   575 | D:1      | Reached XP level 3. HP: 22/25 MP: 0/0
   575 | D:1      | Learned a level 1 spell: Slow
   751 | D:2      | Noticed Natasha
   759 | D:1      | Killed from afar by Natasha

Illustrated notes

Levels and vault maps discovered:
D:1:      nzn_arrival_crosshair, layout_loops_ring, minmay_tiny_reverse_x
D:2:      layout_basic, uniq_natasha

Skill      XL: |  1  2 |
---------------+-------+-----
Dodging        | 3 |  3.1
Stealth        | |  1.5
Spellcasting   | |  3.4
Conjurations   | |  3.4
Hexes          | |  3.4
Summonings     | |  3.4
Necromancy     | |  3.4
Translocations | |  3.4
Fire Magic     | |  3.4
Ice Magic      | |  3.4
Air Magic      | |  3.4
Earth Magic    | |  3.4
Alchemy        | |  3.4

Action                     || total
---------------------------++-------
   Cast: Foxfire           ||    21
         Scorch            ||    11
 Armour: Robe              ||     7
  Dodge: Dodged            ||     5
